Map: Orbital Shipyard

Players

LilDicky - Winner!

  • Race: Terran Terran
  • League: Diamond

Nokturnal

  • Race: Terran Terran
  • League: Diamond

VOD

http://www.twitch.tv/tumescentpie

Description

Time

  • Played on: Dec. 20, 2015, 2:27 p.m.
  • Length: 8:20
Show
View Real Time Build Order
Export as new Build Order

LilDicky Terran - Winner!

Build Orders: Banshee Rush 

Get SALT Encoding   

  12  0:02  SCV  
  13  0:14  SCV  
  13  0:19  Supply Depot  
  14  0:26  SCV  
  15  0:40  SCV  
  16  0:43  Refinery  
  16  0:45  Barracks  
  16  0:53  SCV  
  17  1:05  SCV  
  18  1:19  Refinery  
  18  1:20  SCV  
  19  1:32  Supply Depot, SCV, Marine  
  22  1:48  Orbital Command  
  21  1:59  Marine  
  22  2:05  Factory  
  22  2:13  SCV  
  23  2:17  Marine  
  24  2:24  Command Center  
  24  2:28  SCV  
  25  2:36  Marine  
  26  2:40  SCV  
  27  2:49  Starport  
  27  2:50  Factory Tech Lab  
  27  2:53  SCV  
  29  3:00  Supply Depot  
  29  3:05  SCV  
  29  3:13  Barracks Reactor  
  29  3:16  Supply Depot  
  29  3:17  SCV  
  30  3:27  Engineering Bay  
  30  3:29  SCV  
  31  3:36  Banshee, Cloaking Field  
  34  3:41  SCV  
  34  3:43  Orbital Command  
  35  3:51  Marine  
  35  3:52  Marine  
  35  3:53  SCV  
  38  3:57  Factory Tech Lab  
  38  4:05  Missile Turret  
  38  4:07  SCV  
  38  4:09  Marine  
  40  4:12  Marine  
  41  4:18  Siege Tank  
  41  4:19  Banshee  
  41  4:21  SCV x2  
  49  4:27  Missile Turret  
  49  4:31  Marine  
  49  4:32  Marine  
  49  4:33  SCV x2  
  53  4:39  Missile Turret  
  53  4:45  SCV  
  53  4:49  Marine  
  53  4:50  Siege Tank  
  58  5:10  Banshee  
  58  5:11  Marine  
  62  5:17  Marine  
  62  5:18  SCV, Supply Depot  
  64  5:22  Siege Tank  
  67  5:34  Missile Turret x2  
  67  5:37  Missile Turret  
  55  5:58  Siege Tank  
  55  6:03  Banshee  
  58  6:04  Marine x2  
  58  6:06  SCV  
  58  6:09  Refinery  
  58  6:10  Refinery  
  58  6:30  SCV  
  58  6:31  SCV  
  57  6:33  Siege Tank  
  57  6:34  Marine  
  57  6:35  Marine  
  57  6:36  Command Center  
  62  6:42  SCV  
  62  6:46  Supply Depot  
  57  6:58  Banshee  
  55  7:05  Siege Tank  
  58  7:11  SCV  
  58  7:14  Starport  
  58  7:15  Supply Depot  
  58  7:36  Marine  
  59  7:37  Siege Tank  
  64  7:46  Marine  
  64  7:49  SCV  
Show
View Real Time Build Order
Export as new Build Order

Nokturnal Terran 

Build Orders:  

Get SALT Encoding   

  12  0:03  SCV  
  13  0:15  SCV  
  13  0:19  Supply Depot  
  14  0:28  SCV  
  15  0:30  Refinery  
  15  0:41  SCV  
  16  0:46  Barracks  
  16  0:53  SCV  
  17  1:05  SCV  
  17  1:09  Barracks  
  18  1:17  SCV  
  19  1:19  Refinery  
  19  1:32  Orbital Command  
  19  1:34  Barracks Reactor  
  19  1:49  Supply Depot  
  19  1:55  Barracks Tech Lab  
  19  1:58  SCV  
  20  2:10  Marine x2  
  20  2:14  SCV  
  20  2:15  Marine  
  24  2:16  Stimpack  
  24  2:26  Factory  
  24  2:29  SCV  
  25  2:32  Marine x2  
  25  2:37  Marine  
  27  2:42  Supply Depot  
  28  2:48  SCV  
  29  2:52  Marine x2  
  31  3:03  Marine  
  31  3:04  SCV  
  33  3:06  Supply Depot  
  33  3:12  Starport  
  33  3:15  Factory Reactor  
  33  3:17  SCV  
  34  3:22  Marine x2  
  34  3:25  Marine  
  37  3:31  SCV  
  38  3:43  SCV  
  38  3:46  Marine x3  
  42  3:51  Supply Depot  
  42  3:58  Medivac x2  
  42  4:00  Factory Tech Lab  
  42  4:02  SCV  
  47  4:11  Engineering Bay  
  47  4:12  Marine x3  
  47  4:16  SCV  
  51  4:24  Widow Mine  
  53  4:31  Supply Depot  
  53  4:41  Missile Turret  
  53  4:46  Marine  
  53  4:47  Marine  
  55  4:52  Marine  
  55  4:53  SCV, Hellion  
  55  5:07  Viking  
  55  5:11  SCV  
  55  5:23  Siege Tank  
  58  5:28  SCV  
  59  5:41  SCV  
  48  5:43  Marine  
  41  5:53  SCV  
  39  5:58  Marine x2  
  39  5:59  Command Center  
  39  6:00  Siege Tank  
  39  6:01  Marine  
  45  6:10  SCV  
  41  6:29  SCV, Marine x3  
  44  6:41  SCV, Missile Turret  
  39  7:06  SCV  
  40  7:11  Marine x2  
  40  7:12  Marine  
  43  7:29  Marine x3  
  44  7:30  SCV  
  44  7:31  Orbital Command  
  44  7:33  Siege Tank  
  46  7:44  SCV  
  46  7:47  Marine x3  
  49  7:56  SCV  
  49  7:58  SCV  
Tags
 
Add a new tag
Caveats
  • Supply blocks, unpowered buildings, or Contaminate may cause inaccurate times.
  • Supply counts are checked every 10 seconds.